 Dungeon Crawl Stone Soup version 0.28-a0-1638-g9123634e07 (webtiles) character file.

Game seed: 1084190760095127859

77 testman the Magician (level 4, -3/35 HPs)
             Began as a Djinni Hedge Wizard on Jan 25, 2022.
             Was a Follower of Ashenzari.
             Slain by an iguana (12 damage)
             ... on level 3 of the Dungeon.
             The game lasted 00:08:32 (3167 turns).

testman the Magician (Djinni Hedge Wizard)          Turns: 3167, Time: 00:08:32

Health: -3/35      AC:  2    Str:  9    XL:     4   Next: 60%
Gold:   94         EV: 12    Int: 18    God:    Ashenzari [*.....] SH:  0 Dex: 12

rFire   + + .      SeeInvis .   d - +1 dagger (venom)
rCold   x . .      Faith    .   (no shield)
rNeg    . . .      Spirit   .   b - +0 robe of Cremastomancy {Evo, Fort} (curse)
rPois   ∞          Reflect  .   c - +0 hat "Unveiling Gloom" {Self, Range} (curse)
rElec   .          Harm     .   (no cloak)
rCorr   .          Rampage  .   (no gloves)
Will    .....                   (boots unavailable)
Stlth   ++........              (no amulet)
HPRegen 0.11/turn               (no ring)
MPRegen 0.00/turn               (no ring)

@: flying
A: sickness immunity, fire resistance 2, cold vulnerability 1, float, innate
caster, hp casting, extra vitality 1
a: Renounce Religion, Shatter the Chains


You were on level 3 of the Dungeon.
You worshipped Ashenzari.
Ashenzari was aware of your devotion.
You visited 1 branch of the dungeon, and saw 3 of its levels.

You collected 94 gold pieces.

Inventory:

Hand Weapons
 d - a +1 dagger of venom (weapon)
Missiles
 e - 60 stones
 f - 5 curare-tipped darts
Armour
 b - the cursed +0 robe of Cremastomancy (worn) {Evo, Fort}

   It has a curse which improves the following skills: Evocations: Evocations.
   Fortitude: Armour and Shields.
 c - the cursed +0 hat "Unveiling Gloom" (worn) {Self, Range}

   It has a curse which improves the following skills: Introspection: Fighting
   and Spellcasting.
   Ranged Combat: Slings, Bows, Crossbows and Throwing.
Scrolls
 a - 3 scrolls of identify
 h - a scroll of immolation
 j - a scroll of blinking
Potions
 g - 2 potions of degeneration


   Skills:
 + Level 2.5(3.3) Fighting
 - Level 2.1 Dodging
 - Level 1.5 Stealth
 + Level 3.2(4.0) Spellcasting


You couldn't memorise any spells.
You knew the following spells:

 Your Spells              Type           Power      Damage    Failure   Level
a - Magic Dart            Conj           72%        1d6       2%          1
b - Blink                 Tloc           36%        N/A       4%          2
c - Call Imp              Summ           18%        N/A       4%          2
d - Slow                  Hex            72%        N/A       2%          1
e - Conjure Flame         Conj/Fire      18%        6-21      9%          3
f - Mephitic Cloud        Conj/Pois/Air  18%        N/A       9%          3
g - Summon Small Mammal   Summ           72%        N/A       2%          1
Your spell library was empty.

Dungeon Overview and Level Annotations

Branches:
Dungeon (3/15)

Altars:
Ashenzari

Shops:
D:1 *   D:2 (


Innate Abilities, Weirdness & Mutations

You are immune to sickness and miasma.
You are immune to poison.
Your flesh is very heat resistant. (rF++)
You are vulnerable to cold. (rC-)
You float through the air rather than walking.
You learn spells naturally, not from books.
Your magical power is your life essence.
You have superior vitality. (+4 MHP)


Message History

The magic dart hits the iguana but does no damage.
The iguana is lightly wounded.
The iguana hisses menacingly.
Aiming: Magic Dart (safe; 2% risk of failure)
Press: ? - help, Q - select action, (/) - cycle Shift-Dir - straight line, f/p - iguana
Aim: an iguana (lightly wounded, 100% to hit)
The magic dart hits the iguana but does no damage.
The iguana is lightly wounded.
Aiming: Magic Dart (safe; 2% risk of failure)
Press: ? - help, Q - select action, (/) - cycle Shift-Dir - straight line, f/p - iguana
Aim: an iguana (lightly wounded, 100% to hit)
The magic dart hits the iguana but does no damage.
The iguana is lightly wounded.
Aiming: Magic Dart (safe; 2% risk of failure)
Press: ? - help, Q - select action, (/) - cycle Shift-Dir - straight line, f/p - iguana
Aim: an iguana (lightly wounded, 100% to hit)
The magic dart hits the iguana but does no damage.
The iguana is lightly wounded.
You hit the iguana but do no damage.
The iguana is poisoned.
The iguana is lightly wounded.
The iguana bites you!
You completely miss the iguana.
The iguana is lightly wounded.
The iguana bites you!
* * * LOW HITPOINT WARNING * * *
You are too injured to fight recklessly!
Casting: Magic Dart (safe; 2% risk of failure)
Confirm with . or Enter, or press ? or * to list all spells.
You blink.
* * * LOW HITPOINT WARNING * * *
You feel much better. The iguana bites you!
Casting: Blink (safe; 4% risk of failure)
Confirm with . or Enter, or press ? or * to list all spells.
A beastly little devil appears in a puff of flame.
You feel stable enough to blink again. The iguana bites you!
* * * LOW HITPOINT WARNING * * *
Your crimson imp barely misses the iguana.
The iguana bites you!
You die...

##### #...#
#.#.# #<..#
#.###.#
##+#.....#
#
#....#####
#.#.##..5.#
#...|..l@.#
#.#..#....#
## #....#
#....#
######


You could see an iguana (poisoned, ally target) and a friendly crimson imp
(summoned).

Vanquished Creatures
  Robin (D:2)
  An adder (D:2)
  A worm (D:2)
  2 dart slugs
  5 ball pythons
  2 bats (D:2)
  3 endoplasms
  2 giant cockroaches (D:2)
  4 hobgoblins
  4 quokkas
  4 frilled lizards
  11 goblins
  5 kobolds
  A rat (D:2)
46 creatures vanquished.

Vanquished Creatures (collateral kills)
  A hobgoblin (D:2)
1 creature vanquished.

Grand Total: 47 creatures vanquished

Notes
Turn   | Place    | Note
-------+----------+-------------------------------------------
     0 | D:1      | testman the Djinni Hedge Wizard began the quest for the
                  | Orb.
     0 | D:1      | Reached XP level 1. HP: 15/15 MP: 0/0
   299 | D:1      | Reached XP level 2. HP: 21/22 MP: 0/0
   301 | D:1      | Reached skill level 1 in Fighting
   526 | D:1      | Found a faded altar of an unknown god.
   530 | D:1      | Prayed at the altar of an unknown god.
   530 | D:1      | Became a worshipper of Ashenzari the Shackled
   560 | D:1      | Found Meofoa's Assorted Antiques.
  1262 | D:2      | Reached XP level 3. HP: 25/28 MP: 0/0
  1262 | D:2      | Learned a level 1 spell: Summon Small Mammal
  1420 | D:2      | Found Mihuihypt's Weapon Emporium.
  1517 | D:2      | Reached * piety under Ashenzari
  1519 | D:2      | Noticed Robin
  1523 | D:2      | Reached skill level 3 in Spellcasting
  1910 | D:2      | Killed Robin
  1911 | D:2      | Reached XP level 4. HP: 19/35 MP: 0/0
  3167 | D:3      | Slain by an iguana

Illustrated notes

Levels and vault maps discovered:
D:1:      roderic_dead_forest, layout_loops_corners, serial_shops,
          shop_fountains, hellmonk_ecumenical_altar_leap_of_faith
D:2:      layout_basic, serial_shops, shop, kennysheep_generic_room_12,
          uniq_robin
D:3:      layout_basic, mainiacjoe_overflow_brackets,
          mainiacjoe_overflow_boulevard, mainiacjoe_overflow_paths

Skill      XL: |  1  2  3 |
---------------+----------+-----
Fighting       | 1 2 |  2.5
Spellcasting   | 3 |  3.2
Dodging        | |  2.1
Stealth        | |  1.5

Action                   |  1- 3 |  4- 6 || total
-------------------------+-------+-------++-------
Melee: Dagger            |    56 |    17 ||    73
       Punch             |     1 |       ||     1
 Cast: Magic Dart        |    23 |    35 ||    58
       Call Imp          |     1 |     1 ||     2
       Conjure Flame     |     1 |       ||     1
       Mephitic Cloud    |     1 |       ||     1
       Blink             |       |     1 ||     1
Invok: Curse Item        |     2 |       ||     2
  Use: Potion            |       |     1 ||     1
 Stab: Sleeping          |     2 |       ||     2
Armor: Robe              |    15 |     1 ||    16
Dodge: Dodged            |    40 |     2 ||    42

Table legend: (Time is in decaauts)
 A = Elapsed time spent in this place.
 B = Non-inter-level travel time spent in this place.
 C = Inter-level travel time spent in this place.
 D = Time resting spent in this place.
 E = Time spent auto-exploring this place.
 F = Levels seen in this place.
 G = Mean time per level.
                   A        B        C        D        E       F      G
               +--------+--------+--------+--------+--------+-----+--------+
         Total |   3167 |   3093 |     74 |    952 |   1785 |   3 | 1055.7 |
       Dungeon |   3167 |   3093 |     74 |    952 |   1785 |   3 | 1055.7 |
               +--------+--------+--------+--------+--------+-----+--------+

Top non-repeatable levels by time:
     D:2: 1581 daAuts
     D:1: 1567 daAuts
     D:3: 18 daAuts
